 Dungeon Crawl Stone Soup version 0.29.1-12-g30fa7ad0bf (webtiles) character file.

Game seed: 12305975772921618339

16 hawla the Firebug (level 3, -5/26 HPs)
             Began as a Meteoran Fire Elementalist on Dec 27, 2022.
             Slain by an orc
             ... wielding a +0 war axe
              (7 damage)
             ... on level 3 of the Dungeon.
             The game lasted 00:01:50 (155 turns).

hawla the Firebug (Meteoran Fire Elementalist)       Turns: 155, Time: 00:01:50

Health: -5/26      AC:  2    Str:  9    XL:     3   Next: 0%
Magic:  1/8        EV: 12    Int: 19    God:
Gold:   11         SH:  0    Dex: 14    Spells: 4/7 levels left

rFire   . . .      SeeInvis .   (no weapon)
rCold   . . .      Faith    .   (no shield)
rNeg    . . .      Spirit   .   a - +0 robe
rPois   .          Reflect  .   (no helmet)
rElec   .          Harm     .   (no cloak)
rCorr   .          Rampage  .   (no gloves)
Will    .....                   (no boots)
Stlth   +.........              (no amulet)
HPRegen 0.08/turn               (no ring)
MPRegen 0.11/turn               (no ring)

@: glowing
A: sense surroundings 1, otherworldly, glowing, explore regen
a: no special abilities


You were on level 3 of the Dungeon.
You visited 1 branch of the dungeon, and saw 3 of its levels.

You collected 11 gold pieces.

Inventory:

Armour
 a - a +0 robe (worn)
Scrolls
 d - a scroll of magic mapping
Potions
 b - a potion of magic
 c - a potion of resistance {unknown}


   Skills:
 + Level 2.5 Dodging
 - Level 1.4 Stealth
 + Level 2.9 Spellcasting
 + Level 1.3 Conjurations
 + Level 4.4 Fire Magic


You had 4 spell levels left.
You knew the following spells:

 Your Spells              Type           Power      Damage    Failure   Level
a - Foxfire               Conj/Fire      52%        2x1d6     4%          1
b - Scorch                Fire           38%        2d6       3%          2

Your spell library contained the following spells:

 Spells                   Type           Power      Damage    Failure   Level
 Conjure Flame            Conj/Fire      13%        6-21      14%         3
 Summon Small Mammal      Summ           8%         N/A       16%         1
 Inner Flame              Hex/Fire       11%        N/A       19%         3
 Call Canine Familiar     Summ           2%         N/A       43%         3
 Summon Guardian Golem    Hex/Summ       2%         N/A       43%         3
 Flame Wave               Conj/Fire      13%        2d6       43%         4


Dungeon Overview and Level Annotations

Branches:
Dungeon (3/15) Zot: 1644

Altars:


Innate Abilities, Weirdness & Mutations

You passively map a small area around you.
You are easily found by Zot.
You glow in the dark.
You regain HP and MP as you explore.


Message History

Unknown command.
The foxfire hits the orc but does no damage.
The orc closely misses you. The orc attacks as you move away!
The orc hits you with a +0 war axe. The orc attacks as you move away!
The orc hits you but does no damage.
There is an open door here.
The orc attacks as you move away! The orc hits you with a +0 short sword.
The orc attacks as you move away! The orc hits you with a +0 short sword.
Found a robe.
You see here a +0 robe.
Casting: Foxfire (safe; 6% risk of failure)
Confirm with . or Enter, or press ? or * to list all spells.
You conjure some foxfire!
Casting: Foxfire (safe; 6% risk of failure)
Confirm with . or Enter, or press ? or * to list all spells.
You conjure some foxfire!
The foxfire hits the orc.
The orc is lightly wounded.
The foxfire hits the orc.
The orc is heavily wounded.
Casting: Foxfire (safe; 6% risk of failure)
Confirm with . or Enter, or press ? or * to list all spells.
Flames lash the orc.
You kill the orc!
The foxfire hits the orc but does no damage. x2
The orc hits you with a +0 war axe!
* * * LOW HITPOINT WARNING * * *
You have reached level 3!
Your experience leads to an increase in your attributes!
Increase (S)trength, (I)ntelligence, or (D)exterity?
You feel clever. x3
The orc attacks as you move away! The orc misses you.
The orc attacks as you move away! The orc hits you with a +0 war axe.
* * * LOW HITPOINT WARNING * * *
The orc hits you with a +0 war axe.
* * * LOW HITPOINT WARNING * * *
The orc attacks as you move away! The orc closely misses you.
The orc attacks as you move away! The orc barely misses you.
A jackal comes into view.
The orc attacks as you move away! The orc hits you with a +0 war axe!
You die...

.#.#..o.###,
* ,
##.###....#
, ,* * #⌠.#
##.#.#, , ,*
..## #.#.# ,
, , , , ###
#.#)#######*
, ,,
#.........#
* *
###.#####.#
* #.# #o## *
#.# *#.@# *
#.#,
,##......#,
, #.#
###.##.h# *
#.. * .# , ,
### *, * # *
*, * * * , ,
* * , *


You could see an orc and a jackal (asleep).

Vanquished Creatures
  A dart slug (D:3)
  4 orcs (D:3)
  A bat (D:2)
  2 endoplasms
  A kobold (D:1)
9 creatures vanquished.

Vanquished Creatures (others)
  22 foxfires
22 creatures vanquished.

Grand Total: 31 creatures vanquished

Notes
Turn   | Place    | Note
-------+----------+-------------------------------------------
     0 | D:1      | hawla the Meteoran Fire Elementalist began the quest for
                  | the Orb.
     0 | D:1      | Reached XP level 1. HP: 14/14 MP: 5/5
    80 | D:3      | Reached skill level 4 in Fire Magic
    80 | D:3      | Reached XP level 2. HP: 20/20 MP: 4/6
    83 | D:3      | Learned a level 2 spell: Scorch
   146 | D:3      | Reached XP level 3. HP: 6/26 MP: 0/8
   152 | D:3      | HP: 1/26 [orc/+0 war axe (4)]
   155 | D:3      | Slain by an orc

Illustrated notes

Levels and vault maps discovered:
D:1:      minmay_arrival_five_plusses, layout_loops_cross,
          shapermc_ecumenical_altar_pompeii
D:2:      layout_rooms, serial_bayou, serial_bayou_shore_a, serial_bayou_pond_e,
          serial_bayou_lagoon_a, serial_bayou_crossing, lightli_corner_chamber
D:3:      layout_basic, pdpol_wu_jian_five_deadly_venoms, grunt_ministairs_11

Skill      XL: |  1 |
---------------+----+-----
Fire Magic     | 4 |  4.4
Dodging        | |  2.5
Stealth        | |  1.4
Spellcasting   | |  2.9
Conjurations   | |  1.3

Action                   || total
-------------------------++-------
Melee: Unarmed           ||     1
 Cast: Foxfire           ||    13
       Scorch            ||     4
  Use: Scroll            ||     1
Armor: Robe              ||     1
Dodge: Dodged            ||     8
